Cogmind - Beta 14 @@@ ROGUE MODE // 2024.09.04 @ 19:22:11 Player: THN-L0C Result: Destroyed by S-27 Virus with Autogun Performance ------------- Evolutions (4) 2000 Regions Visited (12) 2400 Robots Destroyed (114) 570 Value Destroyed (4320) 4320 Prototype IDs (44) 880 Alien Tech Used (0) 0 Bonus (1615) 1615 TOTAL SCORE: 11785 Bonus ------- High Alert Combat Kills 980 Follower Combat Kills 35 Aligned with FarCom 300 Met Data Miner 300 Cogmind --------- Core Integrity 0/850 Matter 205/300 Energy 166/170 System Corruption 4% Temperature Cool (0) Movement Rolling (130) Ox2 Location -6/Lower Caves Parts ------- > --- POWER (2) -------- Light Antimatter Reactor > --- PROPULSION (2) --- Armored Huge Wheel > --- UTILITY (8) ------ Improved Cooling System High-capacity Storage Unit Advanced Signal Interpreter Weapon Cycler Weapon Cycler Transmission Jammer > --- WEAPON (3) ------- Force Rifle Force Rifle > --- INVENTORY (20) --- Light Fission Core Huge Storage Unit High-capacity Matter Pod (200) Advanced Sensor Array Energy Filter Improved Particle Charger Improved EM Pulse Cannon Improved EM Pulse Cannon Proton Cannon Proton Cannon AWS/Autocannon Proton Missile Launcher Precision Rocket Launcher Plasma Cutter Molecular Deconstructor Great Maul Great Maul Peak State ------------ > --- POWER ------------ Light Angular Momentum Engine Light Fission Core > --- PROPULSION ------- Armored Huge Wheel > --- UTILITY ---------- Advanced Heat Sink Advanced Heat Sink Advanced Heat Sink Improved Cooling System High-capacity Storage Unit Advanced Signal Interpreter Improved Salvage Targeting Computer Transmission Jammer > --- WEAPON ----------- AWS/Autocannon > --- INVENTORY -------- Armored Huge Wheel Huge Storage Unit High-capacity Matter Pod Improved Sensor Array Plasma Rifle Plasma Rifle Plasma Rifle Improved EM Pulse Cannon Improved EM Pulse Cannon Proton Cannon Proton Cannon Proton Missile Launcher Heavy Missile Launcher Plasma Cutter Great Maul Great Maul [Rating: 87] Favorites ----------- Power Improved Deuterium Engine Engine Improved Deuterium Engine Power Core Nuclear Core Reactor Light Antimatter Reactor Propulsion Armored Huge Wheel Treads Light Treads Wheel Armored Huge Wheel Utility High-capacity Storage Unit Device Transmission Jammer Storage High-capacity Storage Unit Processor Advanced Signal Interpreter Hackware System Shield Protection Improved Utility Shielding Weapon Heavy Ion Cannon Energy Gun Plasma Rifle Energy Cannon Heavy Ion Cannon Ballistic Gun Assault Rifle Ballistic Cannon AWS/Autocannon Launcher Grenade Launcher Impact Weapon Great Maul Build | -11 -10 -10 -10 -9 -8 -7 -7 -7 -7 -6 -6 -6 ------- Run | Yrd Mat Min Exi Min Mat Fac Low Low Dat Pro Fac Low Slots Evolved 8 | . . . . . 4 2 . . . . 2 . Power 1 | . . . . . . . . . . . 1 . Propulsion . | . . . . . . . . . . . . . Utility 6 | . . . . . 3 2 . . . . 1 . Weapon 1 | . . . . . 1 . . . . . . . Parts Attached 180 | 7 6 2 . . 33 53 3 11 2 8 53 2 Power 17 | 1 1 1 . . 3 2 . . . . 9 . Engine 9 | 1 1 . . . 1 2 . . . . 4 . Core 5 | . . 1 . . 2 . . . . . 2 . Reactor 3 | . . . . . . . . . . . 3 . Propulsion 17 | 2 1 . . . 6 3 . . . 1 3 1 Treads 4 | 2 1 . . . 1 . . . . . . . Leg . | . . . . . . . . . . . . . Wheel 13 | . . . . . 5 3 . . . 1 3 1 Hover . | . . . . . . . . . . . . . Flight . | . . . . . . . . . . . . . Utility 67 | 2 1 . . . 9 23 3 4 2 4 19 . Device 43 | 1 . . . . 4 14 3 3 1 4 13 . Storage 6 | 1 1 . . . 2 2 . . . . . . Processor 5 | . . . . . . 1 . . . . 4 . Hackware 2 | . . . . . . 2 . . . . . . Protection 11 | . . . . . 3 4 . 1 1 . 2 . Artifact . | . . . . . . . . . . . . . Weapon 79 | 2 3 1 . . 15 25 . 7 . 3 22 1 Energy Gun 31 | 2 . 1 . . 4 6 . 5 . 1 11 1 Energy Cannon 9 | . . . . . 2 7 . . . . . . Ballistic Gun 7 | . 3 . . . 4 . . . . . . . Ballistic Cannon 1 | . . . . . . . . . . . 1 . Launcher 4 | . . . . . 1 . . . . . 3 . Special Weapon . | . . . . . . . . . . . . . Impact Weapon 27 | . . . . . 4 12 . 2 . 2 7 . Slashing Weapon . | . . . . . . . . . . . . . Piercing Weapon . | . . . . . . . . . . . . . Special Melee Weapon . | . . . . . . . . . . . . . Unidentified Prototypes 6 | . . . . . 1 2 . . . . 3 . Parts Lost 23 | . 2 1 . . 2 . . 1 . 1 13 3 Power 5 | . 1 . . . . . . . . . 3 1 Propulsion 3 | . . . . . 1 . . . . . 1 1 Utility 9 | . . . . . . . . . . 1 7 1 Weapon 6 | . 1 1 . . 1 . . 1 . . 2 . Highest Loss Streak 5 | . 1 1 . . 1 . . 1 . 1 5 4 To Critical Strikes . | . . . . . . . . . . . . . Average Slot Usage (%) 92 | . 96 98 100 100 92 92 92 91 92 90 89 68 Engine 5 | . 11 3 . . 3 5 7 7 7 7 7 . Core 2 | . . 10 14 14 5 1 . . . . 2 . Treads 4 | . 28 28 28 28 7 . . . . . . . Wheel 6 | . . . . . 10 7 7 7 7 7 5 4 Device 23 | . 14 14 14 14 14 24 29 29 30 29 27 26 Storage 7 | . 14 14 14 14 9 7 7 7 7 7 6 6 Processor 3 | . . . . . . 3 . . . . 11 6 Protection 10 | . . . . . 14 14 15 15 15 14 5 . Energy Gun 11 | . 11 10 14 14 14 10 7 6 23 19 12 14 Energy Cannon 4 | . . . . . 1 7 15 11 . . . . Ballistic Gun 2 | . 16 16 14 14 6 . . . . . . . Impact Weapon 3 | . . . . . 3 3 . 3 . 2 4 . Peak Build Rating 87 | 7 8 10 13 13 35 54 56 57 58 58 87 76 Average Rating 48 | 5 7 9 11 13 29 51 55 54 57 56 71 59 On Entrance 33 | . 7 8 10 13 13 35 54 55 57 58 53 73 Naked Turns . | . . . . . . . . . . . . . Heaviest Build 122 | 15 30 30 30 30 71 118 88 91 83 80 122 67 Greatest Support 40 | 40 40 40 40 40 40 28 28 28 28 28 28 28 Greatest Overweight (x) 4 | . . . . . 3 4 3 3 2 2 4 2 Average Overweight (x) 1 | . . . . . 1 2 2 2 2 2 2 2 Largest Inventory Capacity 25 | 8 15 15 15 15 20 25 20 20 20 20 20 20 Average Capacity 18 | 7 14 15 15 15 17 20 20 20 20 20 20 20 Most Carried 20 | . 14 14 15 15 20 20 20 20 20 20 20 20 Average Carried 18 | . 6 13 14 14 16 19 19 19 20 20 19 19 Final Capacity 20 | 8 15 15 15 15 20 20 20 20 20 20 20 20 Final Carried 20 | . 14 14 15 15 20 20 19 20 20 20 20 20 Class Distribution -------------------- 38% | Mutant 26% | Tank 8% | Assassin 8% | Skirmisher 6% | Scavenger-Mutant 5% | Infiltrator-Mutant 3% | Infiltrator-Skirmisher Dominant Class ---------------- Mutant | -10/Materials Mutant | -10/Mines Mutant | -10/Exiles Mutant | -9/Mines Mutant | -8/Materials Assassin | -7/Factory Tank | -7/Lower Caves Mutant | -7/Lower Caves Tank | -7/Data Miner Tank | -6/Proximity Caves Scavenger-Mutant | -6/Factory Mutant | -6/Lower Caves Resources | -11 -10 -10 -10 -9 -8 -7 -7 -7 -7 -6 -6 -6 ----------- Run | Yrd Mat Min Exi Min Mat Fac Low Low Dat Pro Fac Low Matter Collected 2718 | 152 340 92 128 42 617 537 69 95 . 90 556 . Remotely . | . . . . . . . . . . . . . Salvage Created 4372 | 12 457 92 . . 526 1109 141 215 . 48 1772 . Parts 234 | 3 43 4 . . 28 58 8 6 . 6 78 . Haulers Intercepted 3 | . 1 . . . . 1 . . . . 1 . Recyclers Shooed . | . . . . . . . . . . . . . Parts Field Recycled . | . . . . . . . . . . . . . Retrieved Matter . | . . . . . . . . . . . . . Parts Self-Destructed 20 | . . . . . . . 9 5 . 6 . . Prevented . | . . . . . . . . . . . . . Kills | -11 -10 -10 -10 -9 -8 -7 -7 -7 -7 -6 -6 -6 ------- Run | Yrd Mat Min Exi Min Mat Fac Low Low Dat Pro Fac Low Combat Hostiles Destroyed 81 | . 11 2 . . 7 16 3 4 . 2 36 . Melee 2 | . . . . . . 2 . . . . . . Guns 44 | . 10 2 . . 3 8 1 . . 2 18 . Cannons 18 | . . . . . 1 6 2 4 . . 5 . AOE 10 | . . . . . 2 . . . . . 8 . Classes Destroyed 17 | 1 6 . . . 4 1 . . . 1 4 . Worker 4 | . 1 . . . 1 1 . . . . 1 . Builder 7 | . . . . . 3 . . . . . 4 . Tunneler 1 | 1 . . . . . . . . . . . . Hauler 3 | . 1 . . . . 1 . . . . 1 . Recycler 4 | . . . . . 1 2 . . . . 1 . Mechanic 2 | . . . . . . . . . . . 2 . Operator 2 | . 1 . . . . 1 . . . . . . Drone 1 | . . . . . . . . . . 1 . . Watcher 10 | . 2 . . . 3 4 . . . . 1 . Swarmer 14 | . 6 . . . . . . . . . 8 . Saboteur 1 | . . . . . . . . . . . 1 . Grunt 35 | . 5 2 . . 5 5 3 4 . . 11 . Brawler 4 | . . . . . 1 . . . . . 3 . Duelist 1 | . . . . . . . . . . . 1 . Sentry 1 | . . . . . . . . . . . 1 . Hunter 4 | . . . . . 1 1 . . . . 2 . Programmer 20 | . . . . . . 10 . . . 1 9 . Decomposer 1 | . . . . . . . . 1 . . . . Best Kill Streak 6 | 1 3 2 . . 4 3 3 4 . 2 6 . Combat Bots Only 5 | . 2 2 . . 3 3 3 4 . 2 5 . Max Kills in Single Turn 5 | 1 2 1 . . 2 2 1 1 . 1 5 . Gunslinging 1 | . . . . . . . . . . . 1 . Exploded 5 | . . . . . 1 . . . . . 5 . Melee 1 | . . . . . . 1 . . . . . . Uniques/NPCs Destroyed . | . . . . . . . . . . . . . Combat | -11 -10 -10 -10 -9 -8 -7 -7 -7 -7 -6 -6 -6 -------- Run | Yrd Mat Min Exi Min Mat Fac Low Low Dat Pro Fac Low Hostile Shots Fired 492 | . 54 14 . . 45 68 8 39 . 17 235 12 Missed 153 | . 16 4 . . 11 25 1 12 . 3 79 2 Damage Taken 6143 | . 564 150 . . 548 694 109 459 . 259 2822 538 Core 1184 | . 65 28 . . 37 95 . 87 . 20 444 408 Absorbed by Shields . | . . . . . . . . . . . . . Redirected to Shielding 126 | . . . . . 24 41 13 22 . 26 . . Ignored by Resistances 2 | . . . . . 2 . . . . . . . Regen/Repaired (Parts) 10 | . . . . . . . . . . . 10 . Core Remaining (%) 81 | 100 . . . 62 93 . . . . 71 . . Volleys Fired 241 | 2 46 10 . . 41 40 6 11 . 6 63 16 Largest 3 | 2 2 2 . . 3 3 3 3 . 3 3 3 Hottest 240 | 80 80 60 . . 186 210 200 200 . 225 240 240 Shots Fired 523 | 4 87 17 . . 85 106 18 24 . 18 135 29 Gun 404 | 4 87 17 . . 70 52 6 2 . 18 119 29 Cannon 111 | . . . . . 10 54 12 22 . . 13 . Launcher 8 | . . . . . 5 . . . . . 3 . Special . | . . . . . . . . . . . . . Kinetic 111 | . 42 16 . . 40 . . . . . 13 . Thermal 350 | . . . . . 36 106 18 24 . 18 119 29 Explosive 8 | . . . . . 5 . . . . . 3 . Electromagnetic 54 | 4 45 1 . . 4 . . . . . . . Robot Hit Streak 14 | 1 13 6 . . 9 14 6 9 . 5 13 3 Robot Miss Streak 10 | 1 7 1 . . 6 10 2 1 . 5 3 8 Penetration Max . | . . . . . . . . . . . . . Secondary Targets 5 | . 1 . . . . . . . . . 4 . Max Gunslinging Chain 1 | . 1 . . . . . . . . . 1 . Autonomous 13 | . . . . . . . . . . . 13 . Shots Hit Robots 320 | 2 50 13 . . 47 71 11 17 . 6 96 7 Core Hits 169 | 1 24 5 . . 25 44 6 7 . 3 53 1 Critical Kills 3 | . . . . . . . . . . . 3 . Critical Parts Destroyed 8 | . . . . . . 1 . . . . 7 . Critical Strikes 26 | 1 . . . . 2 2 1 . . 1 19 . Burn 11 | . . . . . 2 1 1 . . 1 6 . Destroy 6 | . . . . . . . . . . . 6 . Blast 3 | . . . . . . . . . . . 3 . Corrupt 1 | 1 . . . . . . . . . . . . Smash 5 | . . . . . . 1 . . . . 4 . Melee Attacks 150 | . . . . . 30 46 . 7 . 3 64 . Impact 150 | . . . . . 30 46 . 7 . 3 64 . Slashing . | . . . . . . . . . . . . . Piercing . | . . . . . . . . . . . . . Sneak Attacks 10 | . . . . . 2 4 . 1 . . 3 . Combat Hostiles 1 | . . . . . . 1 . . . . . . Follow-up Attacks . | . . . . . . . . . . . . . Damage Inflicted 10990 | 46 814 146 . 8 1145 2265 276 551 . 143 5428 168 Guns 4600 | 24 637 146 . . 609 796 90 24 . 143 1963 168 Cannons 2479 | . . . . . 141 942 186 427 . . 783 . Explosions 2521 | 22 172 . . . 192 . . . . . 2135 . Melee 1377 | . . . . . 203 527 . 100 . . 547 . Ramming 13 | . 5 . . 8 . . . . . . . . Kinetic 1454 | . 201 146 . . 324 . . . . . 783 . Thermal 6293 | 22 172 . . . 426 1738 276 451 . 143 2897 168 Explosive 1393 | . . . . . 192 . . . . . 1201 . Electromagnetic 460 | 24 436 . . . . . . . . . . . Impact 1377 | . . . . . 203 527 . 100 . . 547 . Slashing . | . . . . . . . . . . . . . Piercing . | . . . . . . . . . . . . . Highest Corruption 4 | . . . . . . 4 . . . . 4 4 Average Corruption 2 | . . . . . . 2 . . . . 2 4 Corruption Purged 4 | . . . . . . 4 . . . . . . Corruption Blocked . | . . . . . . . . . . . . . Effects 48 | . . . . . . 16 . . . . 30 2 Message Errors 7 | . . . . . . 1 . . . . 6 . Matter Fused 7 | . . . . . . 5 . . . . 2 . Heat Flow Errors 8 | . . . . . . 2 . . . . 4 2 Energy Discharges 8 | . . . . . . 3 . . . . 5 . Data Loss (minor) 7 | . . . . . . 3 . . . . 4 . Data Loss (major) 8 | . . . . . . 1 . . . . 7 . Misfires 3 | . . . . . . 1 . . . . 2 . Overload Shots . | . . . . . . . . . . . . . Overflow Damage 1378 | . 124 . . . 134 156 . 86 . . 878 . Projectiles 104 | . . . . . 1 10 . . . . 93 . Explosions 519 | . 124 . . . . . . . . . 395 . Melee 755 | . . . . . 133 146 . 86 . . 390 . Knockbacks 9 | . . . . . 2 1 . . . . 6 . Impact 5 | . . . . . 2 1 . . . . 2 . Kinetic 3 | . . . . . . . . . . . 3 . Secondary 1 | . . . . . . . . . . . 1 . Self-Inflicted Damage 643 | . 151 . . . 20 . . . . . 472 . Shots 10 | . 3 . . . 1 . . . . . 6 . Rammed 2 | . 1 . . 1 . . . . . . . . Targets Rammed 2 | . 1 . . 1 . . . . . . . . Kicked . | . . . . . . . . . . . . . Crushed . | . . . . . . . . . . . . . Highest Temperature 877 | 36 189 9 . . 267 342 78 42 . 192 339 877 Average Temperature 124 | 20 44 9 . . 82 51 15 17 . 71 95 508 Received Heat Transfer 1365 | . 165 87 . . 144 78 63 261 . 99 468 . Effects 44 | . . . . . . . . . . . . 44 Shutdowns 7 | . . . . . . . . . . . . 7 Energy Bleed 3 | . . . . . . . . . . . . 3 Interference 10 | . . . . . . . . . . . . 10 Matter Decay 3 | . . . . . . . . . . . . 3 Short Circuit 1 | . . . . . . . . . . . . 1 Damage (minor) 2 | . . . . . . . . . . . . 2 Damage (major) 15 | . . . . . . . . . . . . 15 Damage (core) 3 | . . . . . . . . . . . . 3 Siege Activations . | . . . . . . . . . . . . . Robots Corrupted 10 | . 1 . . . 2 2 . . . . 5 . Combat Hostiles 3 | . 1 . . . . . . . . . 2 . Parts Fried 18 | . . . . . 2 4 . . . . 12 . Impact Corruptions 27 | . . . . . 6 6 . 4 . . 11 . Robots Melted 4 | . . . . . 1 . . . . . 3 . Combat Hostiles 4 | . . . . . 1 . . . . . 3 . Parts Melted 45 | . . . . . 4 8 3 1 . 1 28 . Heat Transferred 9901 | 50 200 . . . 999 2301 481 629 . 400 4582 259 Parts Sabotaged 1 | . . . . . . . . . . . 1 . Parts Stolen 1 | . . . . . . . . . . . . 1 Parts Stripped . | . . . . . . . . . . . . . Power Chain Reactions 3 | 1 2 . . . . . . . . . . . Alert | -11 -10 -10 -10 -9 -8 -7 -7 -7 -7 -6 -6 -6 ------- Run | Yrd Mat Min Exi Min Mat Fac Low Low Dat Pro Fac Low Peak Influence 1380 | 5 265 44 . . 234 396 . . . . 1380 . Initial 953 | . 3 4 . . . 27 . . . . 953 . Average 393 | 2 66 37 . . 51 140 . . . . 1036 . Maximum Alert Level 4 | . 1 . . . 1 1 . . . . 4 . Low Security (%) 54 | 100 94 100 . 100 94 66 . . . . . . Level 1 14 | . 5 . . . 5 33 . . . . . . Level 2 1 | . . . . . . . . . . . 3 . Level 3 20 | . . . . . . . . . . . 67 . Level 4 9 | . . . . . . . . . . . 29 . Level 5 . | . . . . . . . . . . . . . High Security . | . . . . . . . . . . . . . Max Security . | . . . . . . . . . . . . . Squads Dispatched 27 | . 1 . . . 2 12 . . . . 12 . Investigation 2 | . . . . . 1 . . . . . 1 . Extermination 15 | . . . . . . 10 . . . . 5 . Reinforcement 6 | . 1 . . . 1 2 . . . . 2 . Assault 3 | . . . . . . . . . . . 3 . Garrison 1 | . . . . . . . . . . . 1 . Intercept . | . . . . . . . . . . . . . Searches Triggered 2 | . . . . . . . . . . . 2 . Data Miner Redirects 2 | . . . . . . . . . . . 2 . Construction Impeded . | . . . . . . . . . . . . . Haulers Reinforced . | . . . . . . . . . . . . . Active Scanning Responses . | . . . . . . . . . . . . . Cargo Convoy Interrupts . | . . . . . . . . . . . . . Stealth | -11 -10 -10 -10 -9 -8 -7 -7 -7 -7 -6 -6 -6 --------- Run | Yrd Mat Min Exi Min Mat Fac Low Low Dat Pro Fac Low Distress Signals 6 | . 4 . . . 1 . . . . . 1 . Communications Jammed 18 | . . . . . . 1 . . . 5 12 . Distress Signals 12 | . . . . . . 1 . . . . 11 . Times Spotted 157 | . 20 2 . . 21 37 3 6 . 13 53 2 Peak Tracking Total 7 | . 6 2 . . 3 4 2 4 . 5 7 1 Tactical Retreats 21 | . 3 . . . 3 5 . 4 . 2 4 . Traps | -11 -10 -10 -10 -9 -8 -7 -7 -7 -7 -6 -6 -6 ------- Run | Yrd Mat Min Exi Min Mat Fac Low Low Dat Pro Fac Low Traps Triggered 9 | . . . . . 1 6 . . . . 2 . Indirectly . | . . . . . . . . . . . . . Trap Hack Attempts . | . . . . . . . . . . . . . Triggered . | . . . . . . . . . . . . . Disarmed . | . . . . . . . . . . . . . Reprogrammed . | . . . . . . . . . . . . . Reused . | . . . . . . . . . . . . . Traps Extracted . | . . . . . . . . . . . . . Installed . | . . . . . . . . . . . . . Triggered . | . . . . . . . . . . . . . Machines | -11 -10 -10 -10 -9 -8 -7 -7 -7 -7 -6 -6 -6 ---------- Run | Yrd Mat Min Exi Min Mat Fac Low Low Dat Pro Fac Low Machines Disabled 21 | . 1 . . . 1 2 . . . . 16 1 Max in Single Turn 10 | . 1 . . . 1 1 . . . . 10 1 Garrison Access 2 | . . . . . 1 1 . . . . . . Machines Repaired . | . . . . . . . . . . . . . Machines Dismantled . | . . . . . . . . . . . . . Machines Sabotaged . | . . . . . . . . . . . . . Overloaded Fab Kills . | . . . . . . . . . . . . . Hacking | -11 -10 -10 -10 -9 -8 -7 -7 -7 -7 -6 -6 -6 --------- Run | Yrd Mat Min Exi Min Mat Fac Low Low Dat Pro Fac Low Machines Accessed 54 | . 8 . 1 . 11 18 . 1 4 . 11 . Terminals 36 | . 7 . . . 8 12 . . . . 9 . Fabricators 3 | . . . . . . 3 . . . . . . Repair Stations 2 | . . . . . . . . . . . 2 . Recycling Units 2 | . 1 . . . 1 . . . . . . . Scanalyzers 3 | . . . . . 1 2 . . . . . . Garrison Access 2 | . . . . . 1 1 . . . . . . Total Hacks 165 | . 33 . 1 . 31 45 . 1 28 . 26 . Successful 99 | . 20 . 1 . 19 21 . 1 28 . 9 . Failed 66 | . 13 . . . 12 24 . . . . 17 . Catastrophic 11 | . . . . . 2 6 . . . . 3 . Database Lockouts . | . . . . . . . . . . . . . Manual 97 | . 28 . 1 . 20 26 . . . . 21 1 Terminals 110 | . 31 . . . 23 33 . . . . 23 . Fabricators 4 | . . . . . . 4 . . . . . . Repair Stations 3 | . . . . . . . . . . . 3 . Recycling Units 5 | . 2 . . . 3 . . . . . . . Scanalyzers 8 | . . . . . 3 5 . . . . . . Garrison Access 5 | . . . . . 2 3 . . . . . . Terminal Hacks 49 | . 8 . 1 . 5 6 . 1 28 . . . Record 11 | . . . . . . . . . 11 . . . Part Schematic 10 | . . . . . . . . . 10 . . . Robot Schematic 5 | . 1 . . . . . . . 4 . . . Robot Analysis 4 | . 3 . . . 1 . . . . . . . Prototype ID Bank 5 | . . . . . 1 1 . . 3 . . . Open Door 1 | . . . . . . . . 1 . . . . Branch Access Points 1 | . . . . . . 1 . . . . . . Terminal Index 1 | . 1 . . . . . . . . . . . Alert Level 1 | . . . . . . 1 . . . . . . Unreport Threat 4 | . 2 . . . 1 1 . . . . . . Locate Traps 3 | . 1 . . . 1 1 . . . . . . Recall Investigation 1 | . . . . . 1 . . . . . . . Zone Layout 1 | . . . . . . 1 . . . . . . Derelict Proto ID Bank 1 | . . . 1 . . . . . . . . . Fabricator Hacks . | . . . . . . . . . . . . . Repair Station Hacks 2 | . . . . . . . . . . . 2 . Scan Component 1 | . . . . . . . . . . . 1 . Repair 1 | . . . . . . . . . . . 1 . Recycling Unit Hacks 2 | . 1 . . . 1 . . . . . . . Retrieve Components 2 | . 1 . . . 1 . . . . . . . Scanalyzer 6 | . . . . . 2 4 . . . . . . Insert Component 3 | . . . . . 1 2 . . . . . . Analyze 3 | . . . . . 1 2 . . . . . . Garrison Access Hacks 2 | . . . . . 1 1 . . . . . . Seal Access 2 | . . . . . 1 1 . . . . . . Unauthorized Hacks 38 | . 11 . . . 10 10 . . . . 7 . Terminals 36 | . 11 . . . 9 9 . . . . 7 . Assimilate 5 | . 1 . . . 2 1 . . . . 1 . Botnet 9 | . 4 . . . 2 3 . . . . . . Disrupt 1 | . 1 . . . . . . . . . . . Skim 21 | . 5 . . . 5 5 . . . . 6 . Fabricators 1 | . . . . . . 1 . . . . . . Fabnet 1 | . . . . . . 1 . . . . . . Repair Stations . | . . . . . . . . . . . . . Recycling Units 1 | . . . . . 1 . . . . . . . Tunnel 1 | . . . . . 1 . . . . . . . Scanalyzers . | . . . . . . . . . . . . . Garrison Access . | . . . . . . . . . . . . . Data Cores Recovered . | . . . . . . . . . . . . . Used . | . . . . . . . . . . . . . Hacking Detections 42 | . 8 . . . 8 15 . . . . 11 . Full Trace Events 1 | . . . . . . . . . . . 1 . Feedback Events . | . . . . . . . . . . . . . Feedback Blocked . | . . . . . . . . . . . . . Robot Schematics Acquired 5 | . 1 . . . . . . . 4 . . . Robots Built . | . . . . . . . . . . . . . Authchips . | . . . . . . . . . . . . . Time . | . . . . . . . . . . . . . Total Robot Build Rating . | . . . . . . . . . . . . . Part Schematics Acquired 13 | . . . . . 1 2 . . 10 . . . Parts Built . | . . . . . . . . . . . . . Authchips . | . . . . . . . . . . . . . Time . | . . . . . . . . . . . . . Total Part Build Rating . | . . . . . . . . . . . . . Parts Repaired 1 | . . . . . . . . . . . 1 . Time 86 | . . . . . . . . . . . 86 . Parts Recycled . | . . . . . . . . . . . . . Recycled Matter . | . . . . . . . . . . . . . Retrieved Matter . | . . . . . . . . . . . . . Retrieved Components 20 | . 10 . . . 10 . . . . . . . Parts Scanalyzed 3 | . . . . . 1 2 . . . . . . Part Schematics Acquired 3 | . . . . . 1 2 . . . . . . Parts Damaged . | . . . . . . . . . . . . . Bothacking | -11 -10 -10 -10 -9 -8 -7 -7 -7 -7 -6 -6 -6 ------------ Run | Yrd Mat Min Exi Min Mat Fac Low Low Dat Pro Fac Low Used RIF Installer . | . . . . . . . . . . . . . Robots Hacked . | . . . . . . . . . . . . . Non-combat . | . . . . . . . . . . . . . Combat . | . . . . . . . . . . . . . Robot Hacks Applied . | . . . . . . . . . . . . . Relay Couplers Released 4 | . . . . . . . . . . . 4 . Programmers 4 | . . . . . . . . . . . 4 . Fabnet Peak Effective % 3 | . . . . . . . . . . 3 3 3 Robots Rewired . | . . . . . . . . . . . . . Allies Hacked . | . . . . . . . . . . . . . Hacks Repelled . | . . . . . . . . . . . . . Allies | -11 -10 -10 -10 -9 -8 -7 -7 -7 -7 -6 -6 -6 -------- Run | Yrd Mat Min Exi Min Mat Fac Low Low Dat Pro Fac Low Total Allies 4 | . . . . 1 1 1 . . . . 1 . Largest Group 1 | . . . . 1 1 1 . . . . 1 . Highest-Rated Group 31 | . . . . 31 31 10 . . . . 10 . Highest-Rated Ally 31 | . . . . 31 31 10 . . . . 10 . Total Orders . | . . . . . . . . . . . . . Ally Attacks 7 | . . . . . 7 . . . . . . . Total Damage 108 | . . . . . 108 . . . . . . . Kills 1 | . . . . . 1 . . . . . . . Allies Corrupted . | . . . . . . . . . . . . . Allies Melted . | . . . . . . . . . . . . . Intel | -11 -10 -10 -10 -9 -8 -7 -7 -7 -7 -6 -6 -6 ------- Run | Yrd Mat Min Exi Min Mat Fac Low Low Dat Pro Fac Low Robot Analysis Total 4 | . 3 . . . 1 . . . . . . . Derelict Logs Recovered 4 | . . . . 1 . . 1 . . 2 . . Drone Launches . | . . . . . . . . . . . . . Drone Recoveries . | . . . . . . . . . . . . . Exploration | -11 -10 -10 -10 -9 -8 -7 -7 -7 -7 -6 -6 -6 ------------- Run | Yrd Mat Min Exi Min Mat Fac Low Low Dat Pro Fac Low Turns Passed 15351 | 84 1144 104 450 183 2021 4552 1116 1008 115 746 3680 148 Spaces Moved 9073 | 47 586 48 280 113 1045 2951 662 657 87 434 2090 73 Core 7 | 7 . . . . . . . . . . . . Treads 1401 | 40 586 48 280 113 334 . . . . . . . Legs . | . . . . . . . . . . . . . Wheels 7665 | . . . . . 711 2951 662 657 87 434 2090 73 Hover . | . . . . . . . . . . . . . Flight . | . . . . . . . . . . . . . Fastest Speed 50 | 50 160 160 160 160 110 120 130 130 130 130 115 130 Average Speed 139 | 143 160 160 160 160 143 129 144 141 130 130 139 130 Slowest Speed 240 | 160 160 160 160 160 240 160 145 145 130 130 160 130 Overloaded Moves . | . . . . . . . . . . . . . Propulsion Burnouts . | . . . . . . . . . . . . . Robots Hopped . | . . . . . . . . . . . . . Cave-ins Triggered . | . . . . . . . . . . . . . Exploration Rate (%) 51 | 5 94 12 69 24 56 63 78 68 73 63 45 14 Regions Visited 12 Branch Regions 8 Pre-discovered Areas 11 | . 1 . . . 4 2 . . 1 . 3 . Known Exits Taken 5 | . . . 1 . 1 1 . . . 1 1 . Unknown Exits Taken 7 | 1 1 1 . 1 . . 1 1 1 . . . Scrap Searched 9 | . . . . 1 . . 4 2 . 2 . . Spaces Dug 125 | . . . . . 27 36 . 6 . 3 53 . Terrain Destroyed 322 | 5 20 . . . 64 41 . 8 . 3 181 . Melee 124 | . . . . . 26 36 . 6 . 3 53 . Projectile 10 | . . . . . 1 5 . 2 . . 2 . AOE 188 | 5 20 . . . 37 . . . . . 126 . Terrain Rammed . | . . . . . . . . . . . . . Walls Destroyed . | . . . . . . . . . . . . . Machines Disabled . | . . . . . . . . . . . . . Actions | -11 -10 -10 -10 -9 -8 -7 -7 -7 -7 -6 -6 -6 --------- Run | Yrd Mat Min Exi Min Mat Fac Low Low Dat Pro Fac Low Total 11111 | 56 708 59 284 117 1464 3518 803 699 88 593 2611 111 Wait 1279 | 1 57 . . . 267 358 133 8 . 142 294 19 Move 9061 | 46 585 47 279 112 1044 2950 661 656 86 433 2089 73 Hop . | . . . . . . . . . . . . . Pick Up 89 | . 12 . 2 2 23 26 . 4 . . 19 1 Fast Attach 32 | 7 2 . . . 7 3 . . . 1 12 . Attach 19 | . . 1 . . 3 2 . 1 . . 11 1 Detach 3 | . . . . . . . . . . . 3 . Swap 129 | . 4 1 . . 23 48 3 10 2 7 30 1 Drop 90 | . 1 . 3 2 26 37 . 2 . 1 18 . Fire 241 | 2 46 10 . . 41 40 6 11 . 6 63 16 Melee 150 | . . . . . 30 46 . 7 . 3 64 . Ram . | . . . . . . . . . . . . . Kick . | . . . . . . . . . . . . . Crush 2 | . 1 . . 1 . . . . . . . . Escape Stasis 16 | . . . . . . 8 . . . . 8 . Rewire . | . . . . . . . . . . . . . Trap . | . . . . . . . . . . . . . Miscellaneous . | . . . . . . . . . . . . . Route ------- -11/Scrapyard -10/Materials (discovered 5 exits: [*Mat x3] / [*Min x2]) -10/Mines -10/Exiles (discovered 2 exits: *Min x2) -9/Mines -8/Materials (discovered 3 exits: *Fac x3) -7/Factory (discovered 7 exits: *Fac x4 / *Sto / *Low x2) -7/Lower Caves -7/Lower Caves (discovered 2 exits: *Fac / *Dat) -7/Data Miner -6/Proximity Caves -6/Factory (discovered 7 exits: *Fac x4 / *Low / Ext x2) -6/Lower Caves (discovered 1 exit: Low) History --------- Turn | Location | Event 19 | -11/Scrapyard | Discovered new exit (range 16) 85 | -11/Scrapyard | Entered Materials 205 | -10/Materials | Discovered new exit (range 8) 303 | -10/Materials | Build established: Mutant 336 | -10/Materials | Discovered new exit (range 15) 557 | -10/Materials | Discovered new exit (range 15) 699 | -10/Materials | Discovered new exit (range 8) 1034 | -10/Materials | Discovered new exit (range 13) 1074 | -10/Materials | Learned location of Recycling (-7) 1109 | -10/Materials | Loaded intel: 11 interactive machine locations 1136 | -10/Materials | Learned location of 1 exit from Recycling 1155 | -10/Materials | Learned location of 1 exit from Storage 1162 | -10/Materials | Learned Storage trap positions 1163 | -10/Materials | Learned location of 1 exit from Storage 1184 | -10/Materials | Learned location of 3 exits from Materials 1212 | -10/Materials | Learned Storage stockpile data 1229 | -10/Materials | Entered Mines 1325 | -10/Mines | Deemed a non-threat by the Exiles lab entrance 1327 | -10/Mines | Discovered new exit (range 5) 1333 | -10/Mines | Entered Exiles 1334 | -10/Exiles | Identified exit to Mines 1373 | -10/Exiles | Met 8R-AWN 1399 | -10/Exiles | Met EX-HEX 1444 | -10/Exiles | Met EX-BIN 1463 | -10/Exiles | Aligned with FarCom system 1465 | -10/Exiles | Given EX-Vault access code 1501 | -10/Exiles | Opened EX-Vault 1514 | -10/Exiles | Found AWS/Autocannon 1547 | -10/Exiles | Warned to stay clear of 0b10 Research branches 1660 | -10/Exiles | Met EX-DEC 1783 | -10/Exiles | Left Exiles lab with AWS/Autocannon 1783 | -10/Exiles | Entered Mines 1793 | -9/Mines | Met a Derelict bent on vengeance 1907 | -9/Mines | Learned Materials security intel 1941 | -9/Mines | Discovered new exit (range 10) 1956 | -9/Mines | Received a Mining Laser from a helpful Derelict 1966 | -9/Mines | Entered Materials 1966 | -8/Materials | Accompanied by 1 ally 1966 | -8/Materials | Evolved 4 slots: Utility x3, Weapon x1 1967 | -8/Materials | Identified exit to Factory 2633 | -8/Materials | Build established: Tank 3689 | -8/Materials | Learned location of Lower Caves (-6) 3697 | -8/Materials | Build established: Mutant 3750 | -8/Materials | Learned location of 1 exit from Recycling 3800 | -8/Materials | Learned location of 1 exit from Recycling 3838 | -8/Materials | Learned Storage trap positions 3867 | -8/Materials | Learned location of 1 exit from Extension 3953 | -8/Materials | Learned location of Storage (-7) 3987 | -8/Materials | Entered Factory 3987 | -7/Factory | Evolved 2 slots: Utility x2 4287 | -7/Factory | Build established: Assassin 4722 | -7/Factory | Discovered new exit (range 14) 4957 | -7/Factory | Discovered new exit (range 9) 5361 | -7/Factory | Discovered new exit (range 5) 5431 | -7/Factory | Build established: Mutant 5826 | -7/Factory | Build established: Tank 6159 | -7/Factory | Identified exit to Factory 6179 | -7/Factory | Build established: Skirmisher 6258 | -7/Factory | Identified exit to Storage 7118 | -7/Factory | Build established: Tank 7730 | -7/Factory | Build established: Mutant 7850 | -7/Factory | Learned location of 1 exit from Hub_04(d) 7924 | -7/Factory | Loaded intel: 6 repair station locations 7990 | -7/Factory | Learned location of Extension (-6) 8048 | -7/Factory | Learned location of Cetus (-6) 8096 | -7/Factory | Learned Hub_04(d) trap positions 8156 | -7/Factory | Learned 4 Hub_04(d) zone layouts 8157 | -7/Factory | Identified exit to Lower Caves 8539 | -7/Factory | Entered Lower Caves 8623 | -7/Lower Caves | Learned Factory terminal intel 8828 | -7/Lower Caves | Build established: Tank 8955 | -7/Lower Caves | Encountered a Warlord checkpoint 9513 | -7/Lower Caves | Discovered new exit (range 13) 9655 | -7/Lower Caves | Entered another Lower Caves area 10040 | -7/Lower Caves | Discovered exit to Factory (range 16) 10418 | -7/Lower Caves | Build established: Mutant 10529 | -7/Lower Caves | Discovered new exit (range 3) 10663 | -7/Lower Caves | Entered Data Miner 10663 | -7/Data Miner | Discovered new exit (range 6) 10688 | -7/Data Miner | Met Data Miner 10725 | -7/Data Miner | Learned location of Section 7 (-2) 10725 | -7/Data Miner | Acquired the access code to Warlord's prototype stash 10748 | -7/Data Miner | Received God Mode back door access code from Data Miner 10778 | -7/Data Miner | Entered Proximity Caves 10926 | -6/Proximity Caves | Learned location of 2 exits from Factory 10953 | -6/Proximity Caves | Build established: Tank 10967 | -6/Proximity Caves | Spotter reported a threat 11131 | -6/Proximity Caves | Received a Behemoth hack from an annoying Tinkerer 11221 | -6/Proximity Caves | Spotter reported a threat 11243 | -6/Proximity Caves | Spotter reported a threat 11298 | -6/Proximity Caves | Spotter reported a threat 11299 | -6/Proximity Caves | Spotter reported a threat 11389 | -6/Proximity Caves | Spotter reported a threat 11437 | -6/Proximity Caves | Learned Factory emergency access door positions 11442 | -6/Proximity Caves | Spotter reported a threat 11522 | -6/Proximity Caves | Discovered exit to Factory (range 2) 11524 | -6/Proximity Caves | Entered Factory 11524 | -6/Factory | Evolved 2 slots: Power x1, Utility x1 11525 | -6/Factory | Identified exit to Extension 11525 | -6/Factory | Identified exit to Factory 11527 | -6/Factory | Loaded intel: 28 terminal locations 11798 | -6/Factory | Build established: Mutant 11874 | -6/Factory | Search patrols dispatched 12224 | -6/Factory | Search patrols dispatched 12396 | -6/Factory | Garrison activated, responded to threat 12454 | -6/Factory | Lost 5 parts (1p1n2u1w) 12727 | -6/Factory | Discovered exit to Factory (range 15) 12774 | -6/Factory | Build established: Scavenger-Skirmisher 13091 | -6/Factory | Build established: Scavenger-Mutant 13274 | -6/Factory | First assault squad dispatched 13298 | -6/Factory | Incoming assault squad redirected 13302 | -6/Factory | Incoming investigation squad redirected 13394 | -6/Factory | Lost 3 parts (1p1u1w) 14290 | -6/Factory | Repaired Corrupted Lgt. Antimatter Reactor 14609 | -6/Factory | Loaded intel: 6 recycling unit locations 14662 | -6/Factory | Learned location of 2 exits from Lower Caves 14704 | -6/Factory | Identified exit to Lower Caves 14735 | -6/Factory | Learned location of Lower Caves (-6) 14764 | -6/Factory | Learned location of Warlord (-4) 14771 | -6/Factory | Learned Hub_04(d) interactive machine intel 14819 | -6/Factory | Loaded intel: 54 interactive machine locations 14859 | -6/Factory | Learned 4 Proximity Caves zone layouts 15031 | -6/Factory | Build established: Infiltrator-Mutant 15198 | -6/Factory | Core integrity fell below 50% 15204 | -6/Factory | Entered Lower Caves 15205 | -6/Lower Caves | Identified exit to Lower Caves 15224 | -6/Lower Caves | Core integrity fell below 20% 15261 | -6/Lower Caves | Lost 4 parts (1p1n2u) 15295 | -6/Lower Caves | Acquired the password to a Derelict Tinkerer's latest research 15311 | -6/Lower Caves | Found Prototype Special Weapon 15352 | -6/Lower Caves | Destroyed by S-27 Virus with Autogun Last Messages --------------- 15252_ Overheating: Weapon Cycler damaged (-4). 15252_ Overheating: Force Rifle damaged (-12). 15252_ Overheating: Hcp. Storage Unit damaged (-197). 15253_ Overheating: Arm. Huge Wheel damaged (-170). 15255_ Overheating: Matter decay (-27). 15256_ Overheating: Weapon Cycler damaged (-3). 15258_ Force Rifle broken. 15258_ Overheating: Short circuit. 15262_ Overheating: Hcp. Storage Unit damaged (-28). 15265_ Power failure, Lgt. Antimatter Reactor shutdown. 15294_ Locked Door breached. 15295_ Y3-IM5(c): "They're coming to take away my research again!" 15295_ Y3-IM5(c): "You're not Unaware, and look menacing enough... take it and get as far away from here as you can. Quickly!" 15295_ Y3-IM5(c): "The password is \\9NKE." 15303_ Connecting with Prototyping Terminal... 15308_ Access granted. >>\\9NKE Access granted. 15311_ Acquired Prototype Special Weapon. Map ----- +----------------------------------------------------+ | ?????????????????????????????????????????????????? | | ?????????????????????????????????????????????????? | | ?????????????????????????????????????????????????? | | ?????????????????????????????????????????????????? | | ?????????????????????????????????????????????????? | | ?????????????????????????????????????????????????? | | ?????????????????????????????????????????????????? | | ?????????????????????????????????????????????????? | | ?????????????????????????????????????????????????? | | ?????????????????????????????????????????????????? | | ??????????????????????????????????????????????#### | | ?????????????????????????????????????????????##"X# | | ?????????????????????????????????????????????#"" | | ?????????????????????????????????????????????#" # | | ??????????????????????##?????????????????????#" | | ?????????????????????## #????????????????###### ## | | ????????????????????## ###????????????## # # | | ????????????????????# ##???????????# | | ????????????????????# ##??####?#### ## | | ????????????????????# #### ### | | ????????????????????# ## | | ?????????????????????# ## | | ??????????????????????# ## ### | | ??????????????????????# ## #?## | | ??????????????????????# ## #### | | ???????????????????????# @ | | ???????????????????????## ## ### | | ????????????????????????# ##########?# # | | ???????????????????????# ##??????????#### ## | | ??????????????????????# #??????????????####? | | ?????????????????????# ##??????????????????? | | ?????????????????????# #???????????????????? | | ?????????????????????## #??????????????????? | | ??????????????????????## ?????????????????? | | ???????????????????????## ?????????????????? ? | | ????????????????????????## ??????????????????? | | ?????????????????????????### s??????????????????? | | ???????????????????????????## ?????????????????? | | ????????????????????????????? ?????????????????? | | ????????????????????????????? ??????????????????? | | ????????????????????????????? ???????????????????? | | ?????????????????????????????????????????????????? | | ?????????????????????????????????????????????????? | | ?????????????????????????????????????????????????? | | ?????????????????????????????????????????????????? | | ?????????????????????????????????????????????????? | | ?????????????????????????????????????????????????? | | ?????????????????????????????????????????????????? | | ?????????????????????????????????????????????????? | | ?????????????????????????????????????????????????? | +----------------------------------------------------+ Best States ------------- Heat Dissipation 110 Energy Generation 37 Energy Capacity 480 Matter Stores 300 Matter Capacity 300 Sight Range 16 Robot Scan Range 15 Terrain Scan Range 16 Terrain Scan Density 10 Jamming Range 12 Cloak Strength 2 Armor Coverage 375 Resistance: TH 10 Power Shielding 66 Utility Shielding 66 Weapon Cycling 30 Phase Shifting 5 Evasion (%) 45 Targeting Accuracy 5 Recoil Reduction 2 Energy Filtering 30 Particle Charging 15 Salvage Targeting 2 Offensive Hacking 10 Defensive Hacking 10 Item Schematics ----------------- Hcp. Matter Pod | -8/Materials | Scanalyzed Arm. Wheel | -7/Factory | Scanalyzed Arm. Huge Wheel | -7/Factory | Scanalyzed Combat Drone Bay | -7/Data Miner | Free Lgt. Regenerative Plating | -7/Data Miner | Free Cld. Cesium-ion Thruster | -7/Data Miner | Free Gravity Neutralizer | -7/Data Miner | Free Scatter Rocket Array | -7/Data Miner | Free Cmb. Gravmag System | -7/Data Miner | Free Point Defense System | -7/Data Miner | Free Smartbomb Launcher | -7/Data Miner | Free Launcher Loader | -7/Data Miner | Free Adv. System Shield | -7/Data Miner | Free Robot Schematics ------------------ M-13 Machinist | -10/Materials | Hacked G-47 Trooper | -7/Data Miner | Free H-66 Slayer | -7/Data Miner | Free L-41 Fighter | -7/Data Miner | Free H-55 Commando | -7/Data Miner | Free Fabricated ------------ Nothing Alien Tech Used ----------------- None Achievements -------------- None Challenges ------------ None Game ------ Seed BoreSuspensionCompactor Manual? 0 Play Time 01:54:27 Cumulative 212.9 hours Start 2024.09.04 @ 17:26:09 End 2024.09.04 @ 19:22:11 Sessions 1 Manual Loads 0 Difficulty Rogue Special Mode None Game No. 185 Rogue 185 Adventurer 0 Explorer 0 Win Type - Total 1 Types 0/0/0/1/0/0/0/0/0 Lore% 63 Gallery% 73 Achievement% 54 Wizard Run 0 Options --------- Layout 2 ASCII 0 Keyboard 1 Movement Vi Keybinds 0 Fullscreen 1 Font 32/SmallcapsGlow Map View 77x44 Zoom Use 0% Tactical HUD 1 Map Filters NONE Filters NONE Steam 1 RUN: 527f68ef-6cbd-4242-aae4-e6fd4eab7876